 Dungeon Crawl Stone Soup version 0.32-a0-705-g60f233581c (webtiles) character file.

Game seed: 15468730075821609586

40254 BubbleThief the Spry (level 13, -49/65 HPs)
             Began as a Spriggan Hexslinger on Mar 14, 2024.
             Was an Initiate of Gozag.
             Killed from afar by Frances (59 damage)
             ... with an iron shot
             ... on level 12 of the Dungeon.
             The game lasted 00:41:12 (16820 turns).

BubbleThief the Spry (Spriggan Hexslinger)         Turns: 16820, Time: 00:41:13

Health: -49/65     AC:  3    Str:  4    XL:     13   Next: 73%
Magic:  0/23       EV: 37    Int: 15    God:    Gozag
Gold:   2800       SH:  0    Dex: 28    Spells: 15/24 levels left

rFire   + . .        w - +4 sling
rCold   . . .        (no shield)
rNeg    . . .        D - +0 robe of Gravitas {+Inv rF+ Slay+5 Archmagi}
rPois   +            (helmet restricted)
rElec   .            I - +0 cloak
rCorr   .            (gloves unavailable)
SInv    +            (boots unavailable)
Will    +....        H - amulet of guardian spirit
Stlth   ++           C - ring of poison resistance
HPRegen 0.30/turn    y - +6 ring of dexterity
MPRegen 0.18/turn

%: guardian spirit, archmagi
@: weak-willed, jinxed, studying Evocations, very quick
A: very small, no large weapons, unfitting armour, see invisible, speed 3
a: Renounce Religion, Evoke Invisibility, Potion Petition, Call Merchant, Bribe
Branch


You were on level 12 of the Dungeon.
You worshipped Gozag.
Gozag was most pleased with you.
You visited 3 branches of the dungeon, and saw 17 of its levels.
You also visited: Bailey.

You collected 4420 gold pieces.
You spent 1028 gold pieces at shops.
You paid 592 gold pieces to Gozag.

Inventory:

Hand Weapons
 w - a +4 sling (weapon)
Armour
 D - the +0 robe of Gravitas (worn) {+Inv rF+ Slay+5 Archmagi}
   (You bought it in a shop on level 11 of the Dungeon)

   Slay+5:    It affects your accuracy & damage with ranged weapons and melee
   (+5).
   rF+:       It protects you from fire.
   +Inv:      It lets you turn invisible.
   Archmagi:  It increases the power of your magical spells.
 F - the +0 troll leather armour "Sihuaqol" {rPois rN+ Regen+ Int+2 Dex+6}
   (You bought it in a shop on level 11 of the Dungeon)

   Int+2:     It affects your intelligence (+2).
   Dex+6:     It affects your dexterity (+6).
   rPois:     It protects you from poison.
   rN+:       It protects you from negative energy.
   Regen+:    It increases your rate of health regeneration.
 I - a +0 cloak (worn)
Jewellery
 a - a ring of ice
 c - a ring of resist corrosion
 d - an amulet of regeneration
 u - a ring of fire
 y - a +6 ring of dexterity (right hand)
 C - a ring of poison resistance (left hand)
 H - an amulet of guardian spirit (around neck)
Wands
 g - a wand of flame (57)
 k - a wand of polymorph (8)
 o - a wand of warping (17)
 z - a wand of paralysis (13)
 E - a wand of digging (16)
Scrolls
 b - 2 scrolls of poison
 f - 7 scrolls of teleportation
 i - 7 scrolls of immolation
 j - 2 scrolls of identify
 t - 2 scrolls of enchant armour
 G - a scroll of fog
 J - a scroll of vulnerability
 M - a scroll of fear
 N - a scroll of enchant weapon
 P - a scroll of blinking {unknown}
Potions
 e - 2 potions of cancellation
 h - 3 potions of resistance
 l - a potion of invisibility
 m - a potion of berserk rage
 n - a potion of ambrosia
 q - 5 potions of curing
 r - 6 potions of enlightenment
 s - 4 potions of heal wounds
 v - 2 potions of attraction
 x - 2 potions of mutation
 K - a potion of might
 L - a potion of magic
Miscellaneous
 p - a phantom mirror
 O - a condenser vane


   Skills:
 + Level 6.4 Fighting
 + Level 14.2 Ranged Weapons
 + Level 16.5 Dodging
 - Level 6.0 Spellcasting
 - Level 10.0 Hexes
 - Level 0.7 Fire Magic
 + Level 16.4 Evocations


You had 15 spell levels left.
You knew the following spells:

 Your Spells              Type           Power      Damage    Failure   Level
a - Jinxbite              Hex            100%       N/A       1%          2
b - Sigil of Binding      Hex            51%        N/A       1%          3
c - Cause Fear            Hex            25%        N/A       2%          4

Your spell library contained the following spells:

 Spells                   Type           Power      Damage    Failure   Level
 Confusing Touch          Hex            51%        N/A       1%          3
 Inner Flame              Hex/Fire       31%        N/A       4%          3
 Kiss of Death            Conj/Necr      24%        2d7       14%         1
 Dimensional Bullseye     Hex/Tloc       14%        N/A       19%         4
 Blink                    Tloc           12%        N/A       22%         2
 Lesser Beckoning         Tloc           12%        N/A       22%         2
 Momentum Strike          Conj/Tloc      12%        3d8       22%         2
 Volatile Blastmotes      Fire/Tloc      16%        2d11      36%         3
 Frozen Ramparts          Ice            12%        1d2       41%         3
 Ozocubu's Armour         Ice            6%         N/A       41%         3
 Metabolic Englaciation   Hex/Ice        14%        N/A       45%         5
 Dispel Undead            Necr           6%         3d8       82%         4
 Fulminant Prism          Conj/Alch      3%         3d5       82%         4
 Iskenderun's Mystic Bla  Conj/Tloc      6%         2d4       82%         4
 Vhi's Electric Charge    Tloc/Air       12%        N/A       82%         4
 Arcjolt                  Conj/Air       3%         1d13      99%         5
 Death Channel            Necr           3%         N/A       100%        6
 Plasma Beam              Fire/Air       4%         2x1d14    100%        6
 Sculpt Simulacrum        Ice/Alch       3%         N/A       100%        6
 Maxwell's Capacitive Co  Air            3%         ∞         100%        8


Dungeon Overview and Level Annotations

Branches:
Dungeon (12/15)            Temple (1/1) D:5            Lair (4/5) D:11
 Shoals (0/4) Lair:2        Snake (0/4) Lair:3        Slime (0/5) Lair:4
    Orc (0/2) D:12         Bailey (visited)

Altars:
Ashenzari
Cheibriados
Dithmenos
Elyvilon
Fedhas
Gozag
Hepliaklqana
Kikubaaqudgha
Makhleb
Nemelex Xobeh
Okawaru
Qazlal
Ru
Sif Muna
Trog
Uskayaw
Vehumet
Wu Jian
Xom
Yredelemnul
Zin
The Shining One

Shops:
D:11 [

Annotations:
D:8 2 transporters, zenocrate's ghost, novice DEEE
D:12 3 runed translucent doors, Frances; SageDae's ghost, journeyman MDFi
Lair:1 exclusion: oklob plant


Innate Abilities, Weirdness & Mutations

You are very small and have problems with some larger weapons.
You are too small for most types of armour.
You have supernaturally acute eyesight. (SInv)
You cover ground extremely quickly. (Speed+++)


Message History

Aiming: Mindburst
Press: ? - help, Shift-Dir - straight line, f/p - Frances
Aim: Frances, wielding a +0 short sword and wearing a +0 scale mail (almost dead, fast, chance to call a sprite on attack: 10%, chance to affect: 43%) Frances resists with some effort.
Frances completely misses you.
Unknown command.
Unknown command.
Aiming: Mindburst
Press: ? - help, Shift-Dir - straight line, f/p - Frances
Aim: Frances, wielding a +0 short sword and wearing a +0 scale mail (almost dead, fast, chance to call a sprite on attack: 10%, chance to affect: 43%) Frances resists with some effort.
Frances barely misses you.
Frances screams a word of power!
Unknown command.
Unknown command.
Unknown command.
Aiming: Mindburst
Press: ? - help, Shift-Dir - straight line, f/p - Frances
Aim: Frances, wielding a +0 short sword and wearing a +0 scale mail (almost dead, fast, chance to call a sprite on attack: 10%, chance to affect: 43%) Frances resists with some effort.
Frances chants phrases taken from a devil's mouth.
The soul eater completely misses you.
Unknown command.
Unknown command.
Aiming: Mindburst
Press: ? - help, Shift-Dir - straight line, f/p - Frances
Aim: Frances, wielding a +0 short sword and wearing a +0 scale mail (almost dead, fast, chance to call a sprite on attack: 10%, chance to affect: 43%) Frances resists with some effort.
The now-empty wand crumbles to dust.
Frances misses you. Frances closely misses you.
The soul eater completely misses you.
Unknown command.
Unknown command.
Aiming: Throw Flame
Press: ? - help, Shift-Dir - straight line, f/p - Frances
Aim: Frances, wielding a +0 short sword and wearing a +0 scale mail (almost dead, fast, chance to call a sprite on attack: 10%, 81% to hit)
The puff of flame hits Frances.
Frances is almost dead.
Frances screams a word of power!
The iron shot hits you!!!
Ouch! That really hurt!
You die...
Your body crumbles into a pile of gold.

###....#####
####....#
###.......#
###....###))#
####...####
#..#
###...####
##.# ....###
#.# .#### #3#
## #@# #@#
#4# #4# #.#
#.# #$# #$#
#$#


You could see Frances (fast), a soul eater (summoned), an ice devil (summoned)
and a rust devil (summoned).

Vanquished Creatures
  A hydra (D:8)
  3 two-headed ogres
  2 boulder beetles (Lair:1)
  5 death yaks (Lair:4)
  Nergalle (Lair:1)
  2 skysharks (Lair:4)
  Sonja (D:11)
  A fire crab (Lair:4)
  An orc knight (Bailey)
  3 harpies (Lair:2)
  A deep elf pyromancer (D:11)
  An oklob plant (Lair:3)
  A manticore (D:8)
  5 ugly things
  15 elephants
  4 black mambas
  5 cane toads
  Maggie (Lair:1)
  A gargoyle (D:8)
  5 komodo dragons
  5 trolls
  2 polar bears
  6 hornets
  3 shadows
  3 steam dragons
  2 basilisks
  20 yaks
  A vampire (D:11)
  Eustachio (D:4)
  3 wyverns
  7 vampire mosquitoes
  3 acid dragons
  13 water moccasins
  9 orc warriors
  2 sky beasts
  2 black bears
  2 centaurs
  5 ogres
  8 wolves (Lair:1)
  A phantom (D:7)
  3 kobold brigands
  Blork the orc (D:6)
  4 gnoll sergeants
  6 bullfrogs
  6 scorpions
  3 wights (D:6)
  4 killer bees (D:9)
  4 howler monkeys
  A bombardier beetle (D:5)
  3 hounds
  5 jellies
  8 orc priests
  Jessica (D:3)
  A gnoll bouda (D:5)
  10 iguanas
  7 orc wizards
  5 hell rats
  10 adders
  23 gnolls
  A shadow imp (D:7)
  2 white imps (D:7)
  8 ufetubi
  A ribbon worm (D:2)
  3 dart slugs
  44 orcs
  7 bats
  4 endoplasms
  8 giant cockroaches
  9 goblins
  14 hobgoblins
  3 jackals
  2 quokkas
  6 ball pythons
  5 frilled lizards
  22 kobolds
  6 rats
407 creatures vanquished.

Vanquished Creatures (collateral kills)
  4 blink frogs (Lair:4)
  A yak (D:11)
5 creatures vanquished.

Grand Total: 412 creatures vanquished

Notes
Turn   | Place    | Note
-------+----------+-------------------------------------------
     0 | D:1      | BubbleThief the Spriggan Hexslinger began the quest for the
                  | Orb.
     0 | D:1      | Reached XP level 1. HP: 9/9 MP: 3/3
    51 | D:1      | Found a faded altar of an unknown god.
    82 | D:1      | Reached XP level 2. HP: 14/14 MP: 5/5
   271 | D:1      | Reached XP level 3. HP: 17/17 MP: 6/6
   281 | D:1      | Learned a level 2 spell: Jinxbite
   586 | D:2      | Found a shimmering altar of Xom.
   877 | D:2      | Reached XP level 4. HP: 21/21 MP: 4/7
  1427 | D:3      | Reached XP level 5. HP: 25/25 MP: 5/8
  1439 | D:3      | Learned a level 3 spell: Sigil of Binding
  1635 | D:3      | Reached skill level 5 in Hexes
  1861 | D:3      | Found a bloodstained altar of Trog.
  1910 | D:3      | Noticed Jessica
  1915 | D:3      | Killed Jessica
  1936 | D:3      | Found a shimmering blue altar of Sif Muna.
  2059 | D:4      | Noticed a +0 spear
  2059 | D:4      | Noticed a +0 short sword
  2059 | D:4      | Noticed a +0 falchion
  2059 | D:4      | Noticed a +0 spear
  2059 | D:4      | Noticed a +0 dagger
  2059 | D:4      | Noticed a +0 short sword
  2059 | D:4      | Noticed a +0 dagger
  2068 | D:4      | Found a hide-covered altar of Uskayaw.
  2068 | D:4      | Noticed a +0 falchion
  2113 | D:4      | Reached skill level 5 in Ranged Weapons
  2132 | D:4      | Identified the +5 trident of the Open Hand {venom, rF+
                  | Int+2}
  2138 | D:4      | Identified the +6 falchion of the Globe {freeze, rF++}
  2257 | D:4      | Reached XP level 6. HP: 29/29 MP: 6/9
  2321 | D:4      | Noticed Eustachio
  2388 | D:4      | Killed Eustachio
  2519 | D:4      | Reached XP level 7. HP: 32/32 MP: 10/10
  2641 | D:5      | Entered Level 5 of the Dungeon
  2796 | D:5      | Found a staircase to the Ecumenical Temple.
  2825 | Temple   | Entered the Ecumenical Temple
  2890 | Temple   | Became a worshipper of Gozag Ym Sagoz the Greedy
  3097 | D:5      | Found a sacrificial altar of Ru.
  3499 | D:5      | Reached XP level 8. HP: 19/37 MP: 14/14
  3985 | D:6      | Noticed Blork the orc
  4049 | D:6      | Reached skill level 5 in Spellcasting
  4058 | D:6      | Learned a level 4 spell: Cause Fear
  4172 | D:6      | Killed Blork the orc
  4570 | D:7      | Found an ancient bone altar of Kikubaaqudgha.
  4574 | D:7      | Found a blossoming altar of Fedhas.
  4596 | D:7      | Reached XP level 9. HP: 33/40 MP: 19/19
  4934 | D:7      | Found a basalt altar of Yredelemnul.
  5007 | D:7      | Reached skill level 5 in Dodging
  5204 | D:8      | Noticed a white ugly thing
  5222 | D:8      | Noticed a gargoyle
  5277 | D:8      | Killed a gargoyle
  5716 | D:8      | Identified the +5 great sword of Rotation {flame, rF+
                  | Str+5}
  5741 | D:8      | Noticed a manticore
  5760 | D:8      | Killed a manticore
  5885 | D:9      | Reached skill level 10 in Ranged Weapons
  6094 | D:9      | Reached XP level 10. HP: 44/44 MP: 20/20
  6162 | D:9      | Noticed a two-headed ogre
  6316 | D:9      | Killed a two-headed ogre
  6416 | D:9      | Reached skill level 10 in Dodging
  6903 | D:10     | Entered Level 10 of the Dungeon
  7041 | D:10     | Found a flagged portal.
  7056 | Bailey   | Entered a bailey
  7177 | Bailey   | Reached skill level 1 in Fighting
  7225 | Bailey   | Noticed an orc knight
  7257 | Bailey   | Killed an orc knight
  8133 | D:10     | Noticed a two-headed ogre
  8155 | D:10     | Killed a two-headed ogre
  8156 | D:10     | Reached XP level 11. HP: 52/52 MP: 9/21
  8531 | D:10     | Noticed an arcanist
  8720 | D:8      | Noticed a four-headed hydra
  8732 | D:8      | Killed a four-headed hydra
  8791 | D:8      | Identified the +4 war axe of Karma {drain, ^Contam rElec
                  | rPois Str+5}
  9067 | D:8      | Found a bloodstained altar of Trog.
  9070 | D:8      | Noticed zenocrate's ghost (novice DEEE)
  9097 | D:8      | Reached skill level 1 in Evocations
  9132 | D:8      | Found a transporter.
  9282 | D:8      | Found a transporter.
  9413 | D:8      | Killed a white ugly thing
  9766 | D:11     | Noticed Sonja
  9814 | D:11     | Killed Sonja
  9815 | D:11     | Reached skill level 5 in Evocations
 10046 | D:11     | Noticed a deep elf pyromancer
 10054 | D:11     | Found a sparkling altar of Nemelex Xobeh.
 10059 | D:11     | Killed a deep elf pyromancer
 10060 | D:11     | Reached skill level 10 in Hexes
 10133 | D:11     | Found a staircase to the Lair.
 10167 | D:11     | Reached skill level 5 in Fighting
 10678 | Lair:1   | Entered Level 1 of the Lair of Beasts
 10681 | Lair:1   | Noticed a boulder beetle
 10685 | Lair:1   | Noticed Nergalle
 10785 | D:11     | Bought a steaming robe for 228 gold pieces
 10785 | D:11     | Identified the +0 robe of Gravitas {+Inv rF+ Slay+5
                  | Archmagi} (You bought it in a shop on level 11 of the
                  | Dungeon)
 10785 | D:11     | Bought a buzzing troll leather armour for 800 gold pieces
 10785 | D:11     | Identified the +0 troll leather armour "Sihuaqol" {rPois
                  | rN+ Regen+ Int+2 Dex+6} (You bought it in a shop on level
                  | 11 of the Dungeon)
 10822 | Lair:1   | Killed a boulder beetle
 10910 | Lair:1   | Reached XP level 12. HP: 60/60 MP: 19/22
 11380 | Lair:1   | Noticed a boulder beetle
 11489 | Lair:1   | Killed a boulder beetle
 11650 | Lair:1   | Killed Nergalle
 11736 | Lair:1   | Noticed Maggie
 11746 | Lair:1   | Killed Maggie
 11747 | Lair:1   | Reached skill level 10 in Evocations
 12435 | Lair:2   | Found a glowing silver altar of Zin.
 12464 | Lair:2   | Found a staircase to the Shoals.
 13386 | Lair:3   | Found a staircase to the Snake Pit.
 13485 | Lair:3   | Reached XP level 13. HP: 65/65 MP: 20/23
 13503 | Lair:3   | Found a basalt altar of Yredelemnul.
 13626 | Lair:3   | Reached skill level 15 in Dodging
 14454 | Lair:4   | Found a staircase to the Slime Pits.
 14910 | Lair:4   | Reached skill level 15 in Evocations
 15787 | D:12     | Found a runed translucent gate.
 15787 | D:12     | Found a runed translucent gate.
 15787 | D:12     | Found a runed translucent gate.
 16372 | D:12     | Found a staircase to the Orcish Mines.
 16595 | D:12     | Noticed an azure jelly
 16600 | D:12     | Noticed an azure jelly
 16600 | D:12     | Noticed SageDae's ghost (journeyman MDFi)
 16600 | D:12     | Noticed an azure jelly
 16600 | D:12     | Noticed an azure jelly
 16601 | D:12     | Noticed an acid blob
 16792 | D:12     | Noticed Frances
 16820 | D:12     | Killed from afar by Frances

Illustrated notes

Levels and vault maps discovered:
D:1:      nicolae_arrival_memento_mori, layout_rooms,
          shapermc_ecumenical_altar_starsandcircs,
          ebering_dispersal_statue_hall, wad_floor_pattern_untrapped,
          amethyst_killhole, st_stairs_9
D:2:      layout_basic, basic_altar
D:3:      layout_rooms, tgw_sif, mainiacjoe_overflow_catwalk
D:4:      layout_rooms, nicolae_uskayaw_en_pointe, serial_glass,
          glass_columns_b, glass_columns_b, glass_columns_a, uniq_eustachio
D:5:      minmay_razor_zed, layout_cave_pools,
          mainiacjoe_overflow_six_doors_small, minmay_temple_entry_arrows
D:6:      layout_rooms, interstate_on_off, uniq_blork_the_orc
D:7:      layout_cave_pools, grunt_temple_overflow_growth_and_decay,
          yredelemnul_altar_generic, serial_bayou_pond_e
D:8:      minmay_tri_box, layout_loops_corners,
          gammafunk_ghost_wrathful_warriors
D:9:      layout_stronghold
D:10:     layout_basic, enter_bailey_7, wad_rectangle_vault
D:11:     layout_small_grid, dpeg_lair_monsters,
          nemelex_xobeh_ov_fountains_minmay, uniq_sonja
D:12:     layout_cave_pods, kennysheep_orc_monster_closet_entryway,
          gammafunk_ghost_ooze, uniq_frances
Temple:   regret_index_temple_waves
Lair:1:   layout_hall_layers, minmay_lair_oklob_items, uniq_maggie,
          uniq_nergalle
Lair:2:   layout_regular_city, nicolae_shoals_entry_roost, basic_altar,
          dreamdust_wasp_nest
Lair:3:   layout_regular_city, dummy_snake_entry, lemuel_oklob_altar
Lair:4:   layout_loops_ring, nicolae_slime_entry_field_trip,
          serial_bayou_shore_b

Skill      XL: |  1  2  3  4  5  6  7  8  9 10 11 12 13 |
---------------+----------------------------------------+-----
Ranged Weapons | 3 4 5 6 8 10 11 12 13 14 | 14.2
Hexes          | 4 5 6 7 9 10 | 10.0
Spellcasting   | 3 6 |  6.0
Dodging        | 3 8 11 12 14 16 | 16.5
Fighting       | 3 5 6 |  6.4
Evocations     | 7 12 16 | 16.4
Fire Magic     | |  0.7

Action                     |  1- 3 |  4- 6 |  7- 9 | 10-12 | 13-15 || total
---------------------------+-------+-------+-------+-------+-------++-------
   Fire: Sling             |   107 |   187 |   350 |   880 |   394 ||  1918
   Cast: Jinxbite          |     1 |    11 |    52 |    84 |    41 ||   189
         Sigil of Binding  |       |       |     4 |    16 |     3 ||    23
         Cause Fear        |       |       |     3 |    24 |     3 ||    30
 Invoke: Call Merchant     |       |       |       |     1 |       ||     1
  Evoke: Wand              |       |       |     1 |     6 |    10 ||    17
         Phantom mirror    |       |       |       |     2 |       ||     2
    Use: Scroll            |       |       |       |    21 |     3 ||    24
 Armour: Robe              |    12 |    22 |    61 |    43 |    26 ||   164
  Dodge: Dodged            |    19 |    45 |   143 |   297 |   100 ||   604

Table legend: (Time is in decaauts)
 A = Elapsed time spent in this place.
 B = Non-inter-level travel time spent in this place.
 C = Inter-level travel time spent in this place.
 D = Time resting spent in this place.
 E = Time spent auto-exploring this place.
 F = Levels seen in this place.
 G = Mean time per level.
                   A        B        C        D        E       F      G
               +--------+--------+--------+--------+--------+-----+--------+
         Total |  11978 |  11439 |    539 |    306 |   7819 |  18 |  665.4 |
       Dungeon |   8059 |   7660 |    399 |    205 |   5145 |  12 |  671.6 |
        Temple |     64 |      6 |     58 |      0 |      0 |   1 |   64.0 |
          Lair |   3435 |   3354 |     81 |    101 |   2418 |   4 |  858.8 |
        Bailey |    419 |    419 |      0 |      0 |    255 |   1 |  419.0 |
               +--------+--------+--------+--------+--------+-----+--------+

Top non-repeatable levels by time:
  Lair:1: 1078 daAuts
     D:8: 1012 daAuts
    D:11: 1000 daAuts
  Lair:4: 941 daAuts
    D:10: 867 daAuts
     D:5: 791 daAuts
    D:12: 786 daAuts
     D:9: 772 daAuts
  Lair:2: 741 daAuts
  Lair:3: 674 daAuts
     D:2: 614 daAuts
     D:6: 514 daAuts
     D:4: 504 daAuts
     D:3: 423 daAuts
  Bailey: 419 daAuts
